 Dungeon Crawl Stone Soup version 0.26-a0-505-g732bf3b8d2 (webtiles) character file.

Game seed: 15205977571291923729

1033 KristoblXynda the Chopper (level 8, 0/66 HPs)
             Began as a Minotaur Gladiator on Aug 9, 2020.
             Was the Champion of Uskayaw.
             Slain by a wight
             ... wielding a +0 scimitar
              (11 damage)
             ... on level 5 of the Dungeon.
             The game lasted 00:05:28 (5340 turns).

KristoblXynda the Chopper (Minotaur Gladiator)      Turns: 5340, Time: 00:05:29

Health: 0/66       AC: 16    Str: 20    XL:     8   Next: 3%
Magic:  9/9        EV: 10    Int: 11    God:    Uskayaw [******]
Gold:   585        SH:  5    Dex: 13    Spells: 7/7 levels left

rFire    . . .     SeeInvis .   a - +0 war axe
rCold    . . .     Faith    .   (no shield)
rNeg     . . .     Spirit   .   C - +0 chain mail
rPois    .         Reflect  +   c - +0 hat
rElec    .         Harm     .   (no cloak)
rCorr    .                      w - +0 pair of gloves
MR       .....                  u - +0 pair of boots
Stlth    ..........             y - amulet of reflection
HPRegen  0.21/turn              j - +6 ring of intelligence
MPRegen  0.11/turn              q - +4 ring of protection

@: drained
A: retaliatory headbutt, horns 2
a: Stomp, Line Pass, Grand Finale, Renounce Religion


You were on level 5 of the Dungeon.
You worshipped Uskayaw.
Uskayaw was noncommittal.
You visited 1 branch of the dungeon, and saw 5 of its levels.
You also visited: Ossuary.

You collected 585 gold pieces.

Inventory:

Hand Weapons
 a - a +0 war axe (weapon)
Missiles
 d - 3 throwing nets (quivered)
Armour
 c - a +0 hat (worn)
 u - a +0 pair of boots (worn)
 w - a +0 pair of gloves (worn)
 C - a +0 chain mail (worn)
Jewellery
 j - a +6 ring of intelligence (left hand)
 l - an uncursed ring of magical power
 q - a +4 ring of protection (right hand)
 y - an amulet of reflection (around neck)
Wands
 n - a wand of flame (9)
 z - a wand of acid (5)
Scrolls
 e - 2 scrolls of amnesia
 k - 5 scrolls of teleportation
 r - 6 scrolls of remove curse
Potions
 b - a potion of mutation {unknown}
 f - a potion of resistance
 g - 3 potions of berserk rage {unknown}
 h - 4 potions of brilliance
 i - 3 potions of heal wounds
 m - a potion of degeneration {unknown}
 o - a potion of stabbing {unknown}
 p - a potion of haste {unknown}
 s - a potion of flight {unknown}
 t - 3 potions of curing {unknown}
 v - a potion of invisibility
 x - a potion of might
 A - a potion of cancellation {unknown}
 B - 2 potions of lignification {unknown}


   Skills:
 - Level 4.1(3.3) Fighting
 + Level 6.6(5.8) Axes
 - Level 2.0(1.2) Throwing
 + Level 5.3(4.5) Armour
 + Level 6.0(5.1) Dodging
 + Level 3.4(2.6) Invocations


You had 7 spell levels left.
You didn't know any spells.
Your spell library was empty.

Dungeon Overview and Level Annotations

Branches:
Dungeon (5/15)            Ossuary (visited)
 Temple: D:4-7

Altars:
Ashenzari
Makhleb
Okawaru
Uskayaw
Vehumet
Beogh


Innate Abilities, Weirdness & Mutations

You reflexively headbutt those who attack you in melee.
You have a pair of horns on your head.


Message History

The centaur is severely wounded.
You closely miss the wight. You hit the wight but do no damage.
You closely miss the giant cockroach. The giant cockroach closely misses you.
The centaur hits you but does no damage.
The wight hits you but does no damage. The wight hits you with a +0 scimitar!
* * * LOW HITPOINT WARNING * * *
You feel drained.
* * * LOW HITPOINT WARNING * * *
The giant cockroach barely misses you. You furiously retaliate!
You headbutt the giant cockroach!
You kill the giant cockroach!
Unknown command.
You closely miss the centaur. Your headbutt misses the centaur.
The centaur is severely wounded.
You hit the wight. You hit the worker ant. You hit the wight.
The centaur hits you but does no damage.
The worker ant bites you but does no damage.
The centaur hits you but does no damage.
The wight hits you but does no damage. The wight hits you with a +0 scimitar!
You die...

##.#..#########.#...
#....#...## #.#.#
...........## #...##
..............# ###..###
###...........###.....(#
#...........##..####.#
##.....)...##[.## ..
#..az...## ## ####@†###
#z)c## #.#.)#
................
..#######..###.. ....
.#### ##


You could see a centaur, a worker ant and 2 wights.

Vanquished Creatures
  2 ogres
  A howler monkey (D:5)
  2 wights (D:5)
  3 iron imps (D:4)
  4 orc priests
  7 orc wizards
  A worker ant (D:4)
  8 mummies (Ossuary)
  6 gnolls
  2 adders
  A shadow imp (D:4)
  An ooze (D:2)
  2 adder skeletons (D:4)
  A worm (D:3)
  3 dart slugs
  2 leopard geckos
  21 orcs
  7 bats
  4 giant cockroaches
  2 gnoll zombies (Ossuary)
  5 goblins
  13 hobgoblins
  10 jackals
  4 kobolds
  A quokka (D:4)
  3 ball pythons
  2 frilled lizards (D:2)
  2 hobgoblin zombies (Ossuary)
  2 kobold zombies (Ossuary)
  2 orc zombies (Ossuary)
  5 rats
129 creatures vanquished.

Notes
Turn   | Place    | Note
-------+----------+-------------------------------------------
     0 | D:1      | KristoblXynda the Minotaur Gladiator began the quest for
                  | the Orb.
     0 | D:1      | Reached XP level 1. HP: 18/18 MP: 0/0
   382 | D:1      | Reached XP level 2. HP: 25/25 MP: 1/1
   484 | D:1      | Reached skill level 1 in Armour
  1185 | D:2      | Reached XP level 3. HP: 31/31 MP: 2/2
  1201 | D:2      | Found a shattered altar of Ashenzari.
  1660 | D:2      | Found a radiant altar of Vehumet.
  1763 | D:3      | Reached XP level 4. HP: 38/38 MP: 3/3
  2059 | D:3      | Found a hide-covered altar of Uskayaw.
  2095 | D:3      | Reached XP level 5. HP: 27/46 MP: 4/4
  2271 | D:3      | Found an iron altar of Okawaru.
  2298 | D:3      | Became a worshipper of Uskayaw the Reveler
  2446 | D:3      | Reached * piety under Uskayaw
  2457 | D:3      | Found a roughly hewn altar of Beogh.
  2463 | D:3      | Reached ** piety under Uskayaw
  2466 | D:3      | Reached *** piety under Uskayaw
  2467 | D:3      | Reached skill level 5 in Axes
  3065 | D:4      | Noticed an ogre
  3074 | D:4      | Reached XP level 6. HP: 17/52 MP: 5/5
  3076 | D:4      | Reached skill level 1 in Invocations
  3080 | D:4      | Reached **** piety under Uskayaw
  3101 | D:4      | Found a sand-covered staircase.
  3109 | Ossuary  | Entered an ossuary
  3192 | Ossuary  | Reached skill level 5 in Dodging
  3722 | D:4      | Reached XP level 7. HP: 51/59 MP: 7/7
  3990 | D:4      | Found a burning altar of Makhleb.
  5229 | D:5      | Entered Level 5 of the Dungeon
  5305 | D:5      | Reached skill level 5 in Armour
  5325 | D:5      | Reached ***** piety under Uskayaw
  5334 | D:5      | Reached XP level 8. HP: 19/66 MP: 9/9
  5338 | D:5      | Reached ****** piety under Uskayaw
  5340 | D:5      | Slain by a wight

Illustrated notes

Levels and vault maps discovered:
D:1:      nicolae_arrival_somewhat_less_tricky_arrival, layout_basic
D:2:      layout_rooms, marbit_many_paths, nicolae_ashenzari_panopticon,
          grunt_ministairs_13
D:3:      layout_basic, okawaru_ov_weapons_minmay,
          nicolae_overflow_crystal_walls, kennysheep_orc_chapel
D:4:      layout_basic, demons_altar, enter_ossuary_2, minmay_statues_item,
          chequers_serial_rivers_large_a, kennysheep_generic_room_12
D:5:      layout_rooms, kennysheep_mini_moat, basic_altar, minmay_hedge_maze,
          kennysheep_cross_bottleneck

Skill      XL: |  1  2  3  4  5  6  7 |
---------------+----------------------+-----
Armour         | 1 2 3 4 5 |  5.3
Axes           | 4 5 6 |  6.6
Fighting       | 3 4 |  4.1
Dodging        | 4 5 6 |  6.0
Invocations    | 2 3 |  3.4
Throwing       | |  2.0

Action                   |  1- 3 |  4- 6 |  7- 9 || total
-------------------------+-------+-------+-------++-------
Melee: War axe           |    83 |   101 |    78 ||   262
       Headbutt          |     8 |    17 |    14 ||    39
  Use: Scroll            |     1 |     9 |       ||    10
       Potion            |       |     3 |       ||     3
 Stab: Paralysed         |       |     4 |    11 ||    15
Armor: Leather armour    |    12 |       |       ||    12
       Ring mail         |    29 |    40 |     8 ||    77
       Chain mail        |       |       |    37 ||    37
Dodge: Dodged            |    72 |    78 |    46 ||   196
Block: Other             |       |       |    18 ||    18

Table legend: (Time is in decaauts)
 A = Elapsed time spent in this place.
 B = Non-inter-level travel time spent in this place.
 C = Inter-level travel time spent in this place.
 D = Time resting spent in this place.
 E = Time spent auto-exploring this place.
 F = Levels seen in this place.
 G = Mean time per level.
                   A        B        C        D        E       F      G
               +--------+--------+--------+--------+--------+-----+--------+
         Total |   5414 |   5322 |     92 |    707 |   3657 |   6 |  902.3 |
       Dungeon |   4875 |   4783 |     92 |    356 |   3574 |   5 |  975.0 |
       Ossuary |    538 |    538 |      0 |    351 |     83 |   1 |  538.0 |
               +--------+--------+--------+--------+--------+-----+--------+

Top non-repeatable levels by time:
     D:4: 1671 daAuts
     D:3: 1389 daAuts
     D:1: 1095 daAuts
     D:2: 602 daAuts
 Ossuary: 538 daAuts
     D:5: 116 daAuts
